 Dungeon Crawl Stone Soup version 0.29-a0-350-g7790a0e70a (webtiles) character file.

Game seed: 10521437322702051514

396 Drazool the Magician (level 7, -3/45 HPs)
             Began as a Djinni Fire Elementalist on Apr 22, 2022.
             Was an Initiate of Makhleb.
             Engulfed by a cloud of flame (7 damage)
             ... on level 4 of the Dungeon.
             The game lasted 00:05:53 (2420 turns).

Drazool the Magician (Djinni Fire Elementalist)     Turns: 2420, Time: 00:05:54

Health: -3/45      AC:  8    Str:  7    XL:     7   Next: 9%
Gold:   58         EV: 12    Int: 19    God:    Makhleb [......] SH:  0 Dex: 19

rFire   + + .      SeeInvis .   c - +0 dagger (holy)
rCold   x . .      Faith    .   (no shield)
rNeg    . . .      Spirit   .   m - +2 leather armour {rPois}
rPois   ∞          Reflect  .   f - +1 helmet
rElec   .          Harm     .   (no cloak)
rCorr   .          Rampage  .   e - +0 pair of gloves
Will    .....                   (boots unavailable)
Stlth   ++........              (no amulet)
HPRegen 0.15/turn               D - +6 ring of dexterity
MPRegen 0.00/turn               (no ring)

@: flying
A: sickness immunity, fire resistance 2, cold vulnerability 1, float, innate
caster, HP casting, extra vitality 1
a: Renounce Religion


You were on level 4 of the Dungeon.
You worshipped Makhleb.
Makhleb was noncommittal.
You visited 2 branches of the dungeon, and saw 4 of its levels.

You collected 58 gold pieces.


Innate Abilities, Weirdness & Mutations

You are immune to sickness and miasma.
You are immune to poison.
Your flesh is very heat resistant. (rF++)
You are vulnerable to cold. (rC-)
You float through the air rather than walking.
You learn spells naturally, not from books.
Your magical power is your life essence.
You have superior vitality. (+4 MHP)


   Skills:
 - Level 2.1 Dodging
 - Level 1.5 Stealth
 + Level 5.7 Spellcasting


You couldn't memorise any spells.
You knew the following spells:

 Your Spells              Type           Power      Damage    Failure   Level
c - Conjure Flame         Conj/Fire      27%        6-21      4%          3
f - Foxfire               Conj/Fire      100%       2x1d9     1%          1
l - Lesser Beckoning      Tloc           27%        N/A       4%          3
p - Pain                  Necr           100%       1d9       1%          1
r - Inner Flame           Hex/Fire       27%        N/A       4%          3
B - Blink                 Tloc           54%        N/A       2%          2
X - Scorch                Fire           54%        2d7       2%          2
Y - Flame Wave            Conj/Fire      27%        2d7       16%         4
Your spell library was empty.

Inventory:

Hand Weapons
 c - a +0 dagger of holy wrath (weapon)
Armour
 a - a +0 robe
 e - a +0 pair of gloves (worn)
 f - a +1 helmet (worn)
 m - a +2 leather armour of poison resistance (worn)
Magical Staves
 g - a staff of air {!a}
Jewellery
 D - a +6 ring of dexterity (left hand)
Scrolls
 d - a scroll of immolation
 k - a scroll of amnesia
 l - a scroll of enchant weapon {unknown}
 n - 2 scrolls of identify {unknown}
Potions
 b - a potion of mutation {unknown}
 h - a potion of flight {unknown}

Dungeon Overview and Level Annotations

Branches:
Dungeon (4/15)             Temple (1/1) D:4

Altars:
Elyvilon
Gozag
Hepliaklqana
Makhleb
Okawaru
Sif Muna
Xom
Yredelemnul

...............
...............
...............
............g..
...............
...............
.....§§§§§.....
.....§○@○......
.....§○§§§.....
.....§§§§......
.......o.......
...............
...............
...............
...............


You could see an orc (inner flame) and a hobgoblin (inner flame).


Message History

A wave of flame ripples out!
The flame wave engulfs the orc wizard!
Flame seeps out of the orc wizard.
The orc wizard is heavily wounded.
The flame wave engulfs the scorpion.
Flame seeps out of the scorpion.
The scorpion is moderately wounded.
The flame wave engulfs the jelly!
Flame seeps out of the jelly.
The jelly is almost dead.
The flame wave engulfs the orc!
Makhleb accepts your kill. (Press . to intensify the flame waves.)
The hobgoblin shouts!
The orc explodes!
The fiery explosion engulfs the scorpion!!
Makhleb accepts your kill.
The fiery explosion engulfs the orc wizard!!
Makhleb accepts your kill. The fiery explosion engulfs you! You resist.
The fiery explosion engulfs the jelly!!
Makhleb accepts your kill.
The jelly explodes!
The fiery explosion engulfs you. You resist.
* * * LOW HITPOINT WARNING * * *
The orc wizard explodes!
The fiery explosion engulfs you! You resist.
* * * LOW HITPOINT WARNING * * *
The scorpion explodes!
The fiery explosion engulfs you! You resist.
* * * LOW HITPOINT WARNING * * *
You are engulfed in blazing flames.
You resist.
You die...

Skill      XL: |  1  2  3  4  5  6 |
---------------+-------------------+-----
Spellcasting   | 3 4 5 |  5.7
Dodging        | |  2.1
Stealth        | |  1.5

Action                   |  1- 3 |  4- 6 |  7- 9 || total
-------------------------+-------+-------+-------++-------
 Cast: Foxfire           |    65 |    64 |       ||   129
       Blink             |       |     1 |       ||     1
       Flame Wave        |       |       |     1 ||     1
  Use: Scroll            |     1 |     2 |     1 ||     4
Armor: Leather armour    |     1 |     5 |     1 ||     7
Dodge: Dodged            |     3 |     3 |       ||     6

Levels and vault maps discovered:
D:1:      lemuel_arrival_muddy, layout_rooms, hellmonk_ecumenical_altar_run_dry,
          dreamdust_princess_bridge, hangedman_decor_peaks_small, hex_large,
          minmay_stone_trees_small
D:2:      wander_river, layout_rooms, basic_altar, minmay_lizard_king
D:4:      layout_layer_cave, lemuel_temple_firewalk_b, gammafunk_ghost_cemetery,
          uniq_menkaure
Temple:   grunt_wide_crystal_templ

Notes
Turn   | Place    | Note
-------+----------+-------------------------------------------
     0 | D:1      | Drazool the Djinni Fire Elementalist began the quest for
                  | the Orb.
     0 | D:1      | Reached XP level 1. HP: 15/15 MP: 0/0
    37 | D:1      | Found a faded altar of an unknown god.
   105 | D:1      | Reached XP level 2. HP: 17/21 MP: 0/0
   224 | D:1      | Reached skill level 3 in Spellcasting
   529 | D:1      | Reached XP level 3. HP: 23/25 MP: 0/0
   529 | D:1      | Learned a level 1 spell: Pain
  1472 | D:2      | Reached XP level 4. HP: 28/31 MP: 0/0
  1768 | D:2      | Found an iron altar of Okawaru.
  1781 | D:2      | You are sucked into a shaft and drop 2 floors!
  1783 | D:4      | Noticed a scorpion
  1791 | D:4      | Noticed a phantom
  1796 | D:4      | Killed a phantom
  1797 | D:4      | Reached skill level 4 in Spellcasting
  1797 | D:4      | Reached XP level 5. HP: 25/35 MP: 0/0
  1797 | D:4      | Learned a level 2 spell: Blink
  1891 | D:4      | Found a staircase to the Ecumenical Temple.
  1900 | Temple   | Entered the Ecumenical Temple
  1909 | Temple   | Became a worshipper of Makhleb the Destroyer
  1957 | D:4      | Reached XP level 6. HP: 29/40 MP: 0/0
  2071 | D:4      | Reached skill level 5 in Spellcasting
  2372 | D:4      | Noticed Menkaure
  2376 | D:4      | Killed Menkaure
  2377 | D:4      | Reached XP level 7. HP: 39/45 MP: 0/0
  2377 | D:4      | Learned a level 3 spell: Lesser Beckoning
  2420 | D:4      | HP: 4/45 [spore (9)]
  2420 | D:4      | Engulfed by a cloud of flame

Vanquished Creatures
  Menkaure (D:4)
  A phantom (D:4)
  A scorpion (D:4)
  An orc priest (D:4)
  A gnoll shaman (D:4)
  A jelly (D:4)
  2 orc wizards (D:4)
  4 gnolls (D:4)
  An adder (D:2)
  4 dart slugs
  3 orcs (D:4)
  4 bats (D:1)
  9 endoplasms
  5 goblins
  4 hobgoblins
  5 jackals (D:2)
  3 ball pythons
  11 frilled lizards
  8 kobolds
  2 rats
71 creatures vanquished.

Vanquished Creatures (others)
  226 foxfires
  4 plants (D:2)
230 creatures vanquished.

Grand Total: 301 creatures vanquished

Table legend: (Time is in decaauts)
 A = Elapsed time spent in this place.
 B = Non-inter-level travel time spent in this place.
 C = Inter-level travel time spent in this place.
 D = Time resting spent in this place.
 E = Time spent auto-exploring this place.
 F = Levels seen in this place.
 G = Mean time per level.
                   A        B        C        D        E       F      G
               +--------+--------+--------+--------+--------+-----+--------+
         Total |   2418 |   2376 |     42 |    629 |   1297 |   4 |  604.5 |
       Dungeon |   2400 |   2367 |     33 |    629 |   1297 |   3 |  800.0 |
        Temple |     18 |      9 |      9 |      0 |      0 |   1 |   18.0 |
               +--------+--------+--------+--------+--------+-----+--------+

Top non-repeatable levels by time:
     D:1: 1293 daAuts
     D:4: 620 daAuts
     D:2: 486 daAuts
  Temple: 18 daAuts

Table legend:
 A = Non-vault XP
 B = Vault XP
 C = Vault XP percentage of total XP
 D = Non-vault monster count
 E = Vault monster count
 F = Vault count percentage of total count
                 A         B        C        D         E       F
            +---------+---------+-------+---------+---------+-------
      Total |     548 |     177 |  24.4 |      62 |       9 |  12.7
            +---------+---------+-------+---------+---------+-------
        D:1 |      57 |       0 |   0.0 |      30 |       0 |   0.0
        D:2 |      40 |       8 |  16.7 |      16 |       8 |  33.3
        D:4 |     451 |     169 |  27.3 |      16 |       1 |   5.9
            +---------+---------+-------+---------+---------+-------
